orcman, chaotic male orcish Wizard ------- |.....| ------ |.....+## |....| |...<.| # |.^..| |......####|....| -------# #|....| # #----|-# # ######## # ### # # # ## # -------------+-- # |.@............| # |{f.....i......| # |.....f........| ##...............| ---------------- orcman the Conjurer Experience level: 3 Strength: 8 Dexterity: 13 Constitution: 17 Intelligence: 16 Wisdom: 14 Charisma: 7 Health: 0(30) Energy: 4(12) Def: 1 Gold: 40 Moves: 1490 Dungeon seed: 7Ma1ueZTsC86Evq4 Game ID: orcman_1568308703 Your Inventory: Coins $ - 40 gold pieces Weapons a - a blessed +2 quarterstaff (weapon in hands) Armor e - an uncursed +0 cloak of magic resistance (being worn) n - a cursed -2 leather armor Comestibles o - an uncursed food ration p - an uncursed tin of spinach C - an uncursed pancake Scrolls j - an uncursed scroll of earth k - an uncursed scroll of teleportation w - an uncursed scroll of destroy armor Spellbooks l - a blessed spellbook of force bolt m - an uncursed spellbook of healing q - an uncursed spellbook of confuse monster s - an uncursed spellbook of detect monsters u - an uncursed spellbook of drain life B - an uncursed spellbook of detect treasure Potions f - an uncursed potion of sleeping g - an uncursed potion of oil h - an uncursed potion of monster detection Rings c - an uncursed ring of slow digestion (on left hand) d - an uncursed ring of shock resistance Wands b - a wand of slow monster (0:4) Gems r - an uncursed worthless piece of red glass Spells and supernatural/magical abilities: Name Level Category Fail Memory a - force bolt 1 attack 0% 93% h - healing 1 healing 0% 93% n - detect monsters 1 divination 0% 94% u - confuse monster 2 enchantment 0% 94% D - drain life 2 attack 0% 97% G - detect treasure 4 divination 100% 99% W - pray for help -- divine ? -- Your skills at the end: Fighting Skills Weapon Skills quarterstaff [Basic] Spellcasting Skills attack spells [Basic] enchantment spells [Basic] Final Attributes: You were piously aligned. You were poison resistant. You were magic-protected. You had infravision. You were going to confuse monsters. You had slower digestion. You were lucky. You are dead. Vanquished creatures: a kitten 4 manes a giant rat a yellow mold a gecko 2 jackals 4 foxes a kobold a grid bug 3 bats 4 lichens a kobold zombie 6 newts 30 creatures vanquished. Voluntary challenges: You followed a strict vegan diet. You were an atheist. You used a wielded weapon 9 times, starting on turn 151. You read items or engraved 29 times, starting on turn 99. You never genocided any monsters. You never polymorphed an object. You never changed form. You used no wishes. You never split a pudding. You never wrote Elbereth's name. You never violated your personal moral code. Dungeon overview: The Dungeons of Doom: levels 1 to 3 Level 1 a fountain a long staircase Level 2 a scroll shop, a fountain Level 3 <- You were here a fountain History has recorded: On T:1 you entered the Dungeons of Doom to retrieve the Amulet of Yendor! On T:460 you advanced to experience level 2. On T:559 you reached level 2 of The Dungeons of Doom. On T:1121 you advanced to experience level 3. On T:1331 you reached level 3 of The Dungeons of Doom. Score breakdown: Gold: 40 ( 5486 points) Experience: 3 levels ( 7878 points) Exploration: 3 levels ( 6.00%) ( 6060 points) Discoveries: 9 items ( 3.25%) ( 5407 points) Valuables value: (no points given unless you survive) Artifact value: 0 ( 0 points) Variety of kills: 13 monsters ( 3.41%) ( 5541 points) Turncount: 1490 turns ( 0 points) Survival: died (score multiplied by 80%) Total score: 24297 Latest messages: You displace your kitten. The kitten misses the manes. Please move the cursor to an unknown object. A kitten [seen: infravision] on a corridor. The kitten misses the manes. The kitten bites the manes. (2x) The manes is destroyed! The kitten bites! (2x) The kitten misses the manes. (2x) The kitten bites! (2x) The kitten bites the manes. The manes is destroyed! The kitten bites! You don't have enough energy to cast that spell. Never mind. The kitten bites! You die... Final status: Goodbye orcman the Wizard, killed by a kitten... You died in The Dungeons of Doom on dungeon level 3 with 24297 points, and 40 pieces of gold, after 1490 moves. You were level 3 with a maximum of 30 hit points when you died.